 Dungeon Crawl Stone Soup version 0.29.0-4-gdea44cf6ec (webtiles) character file.

Game seed: 14334661451249481901

116 qw the Chopper (level 5, -3/30 HPs)
             Began as a Tengu Warper on Aug 28, 2022.
             Succumbed to a gnoll's poison
             ... on level 3 of the Dungeon.
             The game lasted 00:00:18 (2100 turns).

qw the Chopper (Tengu Warper)                       Turns: 2100, Time: 00:00:19

Health: -3/30      AC:  6    Str: 13    XL:     5   Next: 1%
Magic:  9/9        EV: 11    Int: 13    God:
Gold:   194        SH:  0    Dex: 14    Spells: 8/8 levels left

rFire   . . .      SeeInvis .   Y - +0 hand axe
rCold   . . .      Faith    .   (no shield)
rNeg    . . .      Spirit   .   e - +0 scale mail
rPois   .          Reflect  .   (helmet restricted)
rElec   .          Harm     .   (no cloak)
rCorr   .          Rampage  .   (no gloves)
Will    .....                   (boots unavailable)
Stlth   ..........              (no amulet)
HPRegen 0.10/turn               (no ring)
MPRegen 0.11/turn               (no ring)

@: lethally poisoned (-3 -> -26), flying quickly and evasively, quick
A: beak, talons 3, nimble flight
a: no special abilities


You were on level 3 of the Dungeon.
You visited 1 branch of the dungeon, and saw 3 of its levels.

You collected 194 gold pieces.


Innate Abilities, Weirdness & Mutations

You have a beak for a mouth.
You have claws for feet.
Your magical nature lets you fly swiftly and evasively.


   Skills:
 - Level 2.0 Fighting
 + Level 5.5 Axes
 - Level 1.0 Throwing
 - Level 1.1 Armour
 - Level 2.1 Dodging
 - Level 2.0 Spellcasting
 - Level 2.4 Translocations


You had 8 spell levels left.
You didn't know any spells.
Your spell library contained the following spells:

 Spells                   Type           Power      Damage    Failure   Level
 Blink                    Tloc           14%        N/A       56%         2
 Gell's Gravitas          Tloc           7%         N/A       80%         3
 Lesser Beckoning         Tloc           7%         N/A       80%         3
 Teleport Other           Tloc           7%         N/A       80%         3
 Manifold Assault         Tloc           7%         N/A       100%        5

Inventory:

Hand Weapons
 b - the +9 mace "Zetzeex" {freeze, +Blink Str+5}
   (You found it on level 2 of the Dungeon)

   It freezes those it strikes, dealing additional cold damage.
   It can also slow down cold-blooded creatures.
   Str:       It affects your strength (+5).
   +Blink:    It lets you blink.
 Y - a +0 hand axe (weapon)
Missiles
 f - 2 boomerangs (quivered)
Armour
 e - a +0 scale mail (worn)
Scrolls
 c - 2 scrolls of identify {unknown}
Potions
 a - a potion of haste {unknown}
 d - a potion of resistance {unknown}
 j - a potion of invisibility {unknown}
 l - a potion of heal wounds {unknown}

Dungeon Overview and Level Annotations

Branches:
Dungeon (3/15)

Altars:
Fedhas
Qazlal

Annotations:
D:3 2 runed translucent doors, qw's ghost, amateur TeWr


Message History

The boomerang hits the gnoll but does no damage.
The gnoll is heavily wounded.
You hit the jackal. Your kick misses the jackal.
The jackal is heavily wounded.
The jackal barely misses you.
The jackal bites you but does no damage.
You hit the jackal.
You kill the jackal!
You hit the gnoll but do no damage. Your peck misses the gnoll.
The gnoll is heavily wounded.
You closely miss the jackal.
The jackal bites you but does no damage.
The gnoll hits you with a +2 whip of venom!
You are poisoned.
The jackal bites you but does no damage.
You hit the gnoll. Your kick misses the gnoll.
The gnoll is almost dead.
You hit the jackal but do no damage.
You feel very sick.
The jackal bites you but does no damage.
The gnoll hits you but does no damage.
You are lethally poisoned!
You completely miss the gnoll. Your kick misses the gnoll.
Your peck misses the gnoll.
The gnoll is almost dead.
You closely miss the jackal.
You feel very sick. The jackal closely misses you.
The gnoll hits you with a +2 whip of venom.
You are more poisoned.
You hit the gnoll.
You kill the gnoll!
You hit the jackal but do no damage.
You feel very sick. The jackal barely misses you.
The jackal closely misses you.
You have reached level 5!
Your magical nature develops, letting you fly swiftly and evasively.
You hit the jackal.
The jackal is severely wounded.
You die...

'.... #.... #.... #...!
#.... #.... #+###
###''''#############...#
$.....h@...........#og.#
~~~...)~~~~~~~~~~~~#####
~~~....~~~~~~~~~~~~~~~~~
~~~....~~~~~~~~~~~~~~~~~
........................
.....##..##.#.#########.
....# #..##....#######..
^^.# #...##.#.#........
.~ยค######..#......####..


You could see a jackal.

Vanquished Creatures
  3 adders
  2 gnolls
  A worm (D:3)
  2 dart slugs
  An orc (D:3)
  5 endoplasms
  A giant cockroach (D:1)
  10 goblins
  5 hobgoblins
  3 jackals (D:3)
  3 quokkas
  7 ball pythons
  4 bats
  6 frilled lizards
  3 kobolds
  4 rats
60 creatures vanquished.

Notes
Turn   | Place    | Note
-------+----------+-------------------------------------------
     0 | D:1      | qw the Tengu Warper began the quest for the Orb.
     0 | D:1      | Reached XP level 1. HP: 12/12 MP: 4/4
     0 | D:1      | 0 ||| qw: Version: 0.1-a-89-g26bdef1
     0 | D:1      | 0 ||| qw: Game counter: 828
     0 | D:1      | 0 ||| qw: Always use a shield: true
     0 | D:1      | 0 ||| qw: God list: Okawaru
     0 | D:1      | 0 ||| qw: Allow faded altars: false
     0 | D:1      | 0 ||| qw: Do Orc after D:15 true
     0 | D:1      | 0 ||| qw: Do second Lair branch before Depths: true
     0 | D:1      | 0 ||| qw: Lair rune preference: random
     0 | D:1      | 0 ||| qw: Plans: Normal
     0 | D:1      | 0 ||| PLANNING D:1-11
    39 | D:1      | Reached skill level 3 in Axes
    39 | D:1      | Reached XP level 2. HP: 12/17 MP: 6/6
   152 | D:1      | 152 ||| DROPPING +0 club.
   302 | D:1      | 302 ||| Stepping ~*~*~tactically~*~*~ (stealth).
   303 | D:1      | 303 ||| Stepping ~*~*~tactically~*~*~ (stealth).
   305 | D:1      | 305 ||| Stepping ~*~*~tactically~*~*~ (stealth).
   309 | D:1      | 309 ||| Stepping ~*~*~tactically~*~*~ (stealth).
   311 | D:1      | 311 ||| Stepping ~*~*~tactically~*~*~ (stealth).
   312 | D:1      | 312 ||| Stepping ~*~*~tactically~*~*~ (stealth).
   315 | D:1      | 315 ||| Stepping ~*~*~tactically~*~*~ (stealth).
   413 | D:1      | Found a faded altar of an unknown god.
   549 | D:1      | 549 ||| Stepping ~*~*~tactically~*~*~ (stealth).
   551 | D:1      | 551 ||| Stepping ~*~*~tactically~*~*~ (stealth).
   563 | D:1      | Reached XP level 3. HP: 15/21 MP: 7/7
   568 | D:1      | 568 ||| Stepping ~*~*~tactically~*~*~ (stealth).
   908 | D:1      | 908 ||| UPGRADING to +0 ring mail.
   918 | D:1      | 918 ||| DROPPING +0 leather armour.
   919 | D:1      | 919 ||| DROPPING ring of magical power.
   920 | D:1      | 920 ||| READING scroll labelled DONYZAHI JAOTSO.
   921 | D:1      | 921 ||| READING scroll labelled ULLEDI LAAQ.
   922 | D:1      | 922 ||| READING scroll labelled FYTUAZ PITAV.
   923 | D:1      | 923 ||| DROPPING scroll of blinking.
   953 | D:2      | Reached skill level 4 in Axes
   953 | D:2      | 953 ||| STAIRDANCE
  1214 | D:2      | Reached XP level 4. HP: 21/26 MP: 8/8
  1269 | D:2      | Identified the +9 mace "Zetzeex" {freeze, +Blink Str+5}
  1271 | D:2      | 1271 ||| DROPPING +0 whip.
  1322 | D:2      | 1322 ||| Stepping ~*~*~tactically~*~*~ (stealth).
  1380 | D:2      | 1380 ||| Stepping ~*~*~tactically~*~*~ (stealth).
  1657 | D:2      | 1657 ||| UPGRADING to +0 scale mail.
  1667 | D:2      | 1667 ||| DROPPING +0 ring mail.
  1668 | D:2      | 1668 ||| DROPPING amulet of magic regeneration.
  1669 | D:2      | 1669 ||| READING scroll labelled VIGUESHRAKHLU.
  1699 | D:3      | 1699 ||| Stepping ~*~*~tactically~*~*~ (stealth).
  1705 | D:3      | Reached skill level 5 in Axes
  1978 | D:3      | Found a large runed translucent door.
  1978 | D:3      | Found a large runed translucent door.
  1979 | D:3      | Noticed qw's ghost (amateur TeWr)
  1988 | D:3      | Found a blossoming altar of Fedhas.
  1992 | D:3      | Found a stormy altar of Qazlal.
  2099 | D:3      | HP: 2/26 [poisoned by a gnoll]
  2100 | D:3      | Gained mutation: Your magical nature lets you fly swiftly
                  | and evasively. [Tengu growth]
  2100 | D:3      | Reached XP level 5. HP: 2/30 MP: 9/9
  2100 | D:3      | Succumbed to a gnoll's poison

Levels and vault maps discovered:
D:1:      nicolae_arrival_memento_mori, layout_rooms,
          nicolae_ecumenical_lake_church
D:2:      layout_rooms, kennysheep_generic_room_3
D:3:      lemuel_castle_with_subvaults [lemuel_castle_interior_carwin_2],
          layout_rooms, grunt_temple_overflow_forces_of_nature, serial_shops,
          nicolae_shop_advertising_works [nicolae_subvault_shop_adworks],
          ebering_ghost_disaster_area, st_stairs_2,
          amcnicky_mini_rare_corridor_liquid

Skill      XL: |  1  2  3  4 |
---------------+-------------+-----
Axes           | 3 4 5 |  5.5
Fighting       | |  2.0
Throwing       | |  1.0
Armour         | |  1.1
Dodging        | |  2.1
Spellcasting   | |  2.0
Translocations | |  2.4

Action                   |  1- 3 |  4- 6 || total
-------------------------+-------+-------++-------
Melee: Hand axe          |    71 |    67 ||   138
       Peck              |     4 |    11 ||    15
       Kick              |    16 |    16 ||    32
       Punch             |     1 |     2 ||     3
Throw: Boomerang         |     7 |     3 ||    10
  Use: Scroll            |     3 |     1 ||     4
Armor: Leather armour    |     4 |       ||     4
       Ring mail         |    11 |     6 ||    17
       Scale mail        |       |    15 ||    15
Dodge: Dodged            |    42 |    22 ||    64

Table legend:
 A = Non-vault XP
 B = Vault XP
 C = Vault XP percentage of total XP
 D = Non-vault monster count
 E = Vault monster count
 F = Vault count percentage of total count
                 A         B        C        D         E       F
            +---------+---------+-------+---------+---------+-------
      Total |     129 |      38 |  22.8 |      53 |       7 |  11.7
            +---------+---------+-------+---------+---------+-------
        D:1 |      44 |       0 |   0.0 |      19 |       0 |   0.0
        D:2 |      61 |       2 |   3.2 |      21 |       1 |   4.5
        D:3 |      24 |      36 |  60.0 |      13 |       6 |  31.6
            +---------+---------+-------+---------+---------+-------
